 Dungeon Crawl Stone Soup version 0.29-a0-1052-g6990b1bffc (webtiles) character file.

Game seed: 17159629905476447520

3593 greasedhog the Frost Mage (level 10, 0/59 HPs)
             Began as a Gargoyle Ice Elementalist on Aug 17, 2022.
             Was a Follower of Vehumet.
             Killed from afar by an oklob plant (24 damage)
             ... with a splash of acid
             ... on level 7 of the Dungeon.
             The game lasted 00:21:31 (9029 turns).

greasedhog the Frost Mage (GrIE)                    Turns: 9029, Time: 00:21:32

Health: 0/59       AC:  3    Str: 12    XL:     10   Next: 10%
Magic:  14/17      EV: 11    Int: 20    God:    Vehumet [*.....]
Gold:   409        SH:  0    Dex: 10    Spells: 8/19 levels left

rFire   x x .      SeeInvis .   B - +5 club (venom)
rCold   + + .      Faith    .   (no shield)
rNeg    + . .      Spirit   .   a - +1 robe
rPois   ∞          Reflect  .   (no helmet)
rElec   +          Harm     .   (no cloak)
rCorr   .          Rampage  .   k - +0 pair of gloves
Will    .....                   (no boots)
Stlth   +++.......              j - amulet of regeneration
HPRegen 0.99/turn               f - ring of ice
MPRegen 0.15/turn               o - ring of ice

@: corroded
A: sickness immunity, AC +7, negative energy resistance 1, electricity
resistance, torment resistance 1, petrification resistance
a: Renounce Religion


You were on level 7 of the Dungeon.
You worshipped Vehumet.
Vehumet was aware of your devotion.
You visited 2 branches of the dungeon, and saw 8 of its levels.
You also visited: Sewer and Ossuary.

You collected 409 gold pieces.

Inventory:

Hand Weapons
 B - a +5 club of venom (weapon)
Armour
 a - a +1 robe (worn)
 k - a +0 pair of gloves (worn)
Jewellery
 f - a ring of ice (left hand)
 j - an amulet of regeneration (around neck)
 o - a ring of ice (right hand)
Wands
 A - a wand of iceblast (4)
Scrolls
 q - 2 scrolls of vulnerability
 r - 2 scrolls of teleportation
 t - a scroll of enchant weapon
 v - 3 scrolls of magic mapping
 w - 2 scrolls of fear
 x - a scroll of noise {unknown}
 y - a scroll of acquirement {unknown}
 z - a scroll of identify
 C - a scroll of summoning {unknown}
 D - a scroll of enchant armour
 E - a scroll of blinking {unknown}
 F - a scroll of poison
 G - a scroll of torment {unknown}
Potions
 b - a potion of magic
 c - a potion of mutation {unknown}
 d - 2 potions of brilliance {unknown}
 e - 3 potions of haste {unknown}
 g - 3 potions of curing {unknown}
 h - a potion of might {unknown}
 i - 4 potions of heal wounds
 l - 3 potions of berserk rage {unknown}
 m - 2 potions of cancellation {unknown}
 n - 2 potions of lignification {unknown}
 p - a potion of degeneration {unknown}
 s - a potion of ambrosia {unknown}
 u - a potion of experience {unknown}


   Skills:
 - Level 5.1 Fighting
 - Level 1.5 Dodging
 - Level 5.3 Stealth
 - Level 5.0 Spellcasting
 * Level 6.1 Conjurations
 * Level 10.8 Ice Magic


You had 8 spell levels left.
You knew the following spells:

 Your Spells              Type           Power      Damage    Failure   Level
a - Freeze                Ice            100%       1d11      1%          1
b - Frozen Ramparts       Ice            100%       1d16      1%          3
c - Ozocubu's Armour      Ice            83%        N/A       1%          3
d - Hailstorm             Conj/Ice       73%        3d15      3%          4

Your spell library contained the following spells:

 Spells                   Type           Power      Damage    Failure   Level
 Magic Dart               Conj           100%       1d8       1%          1
 Necrotise                Necr           20%        1d5       12%         1
 Summon Guardian Golem    Hex/Summ       5%         N/A       34%         3
 Vampiric Draining        Necr           5%         2d6       34%         3
 Agony                    Necr           5%         N/A       97%         5
 Malign Gateway           Summ/Tloc      2%         N/A       100%        7
 Orb of Destruction       Conj           14%        9d7       100%        7
 Spellforged Servitor     Conj/Summ      8%         N/A       100%        7
 Summon Horrible Things   Summ           2%         N/A       100%        8


Dungeon Overview and Level Annotations

Branches:
Dungeon (7/15)             Temple (1/1) D:5           Sewer (visited)
Ossuary (visited)

Altars:
Ashenzari
Cheibriados
Dithmenos
Elyvilon
Fedhas
Gozag
Makhleb
Nemelex Xobeh
Qazlal
Ru
Sif Muna
Trog
Uskayaw
Vehumet
Xom
Yredelemnul
Zin
The Shining One

Shops:
D:5 =

Annotations:
D:7 exclusion: oklob plant


Innate Abilities, Weirdness & Mutations

You are immune to sickness and miasma.
Your stone body is resilient. (AC +7)
You are immune to poison.
You resist negative energy. (rN+)
You are resistant to electric shocks. (rElec)
You are resistant to unholy torment.
You are immune to petrification.


Message History

Okay, then.
The wall freezes the endoplasm!
You kill the endoplasm!
Vehumet accepts your kill.
You feel your power returning.
Aiming: Iceblast
Press: ? - help, Shift-Dir - straight line, f/p - oklob plant
Aim: an oklob plant (moderately damaged)
The mass of ice explodes!
The iceblast engulfs the oklob plant but does no damage.
The oklob plant is moderately damaged.
Unknown command.
Casting: Frozen Ramparts (safe; 1% risk of failure)
Confirm with . or Enter, or press ? or * to list all spells.
You can't see any susceptible monsters within range! (Use Z to cast anyway.)
Aiming: Iceblast
Press: ? - help, Shift-Dir - straight line, f/p - oklob plant
Aim: an oklob plant (lightly damaged)
The mass of ice explodes!
The iceblast engulfs the oklob plant.
The oklob plant is moderately damaged.
Unknown command.
Your icy armour and frozen ramparts will break if you move.
Continue?
Your icy armour cracks and falls away as you move.
The frozen ramparts melt away as you move.
The oklob plant spits acid at you. The splash of acid hits you!
There is an open door here.
You hit the oklob plant.
The oklob plant is poisoned.
The oklob plant is moderately damaged.
You hit the oklob plant.
The oklob plant looks as sick as possible!
The oklob plant is moderately damaged.
The oklob plant spits acid at you. The splash of acid hits you!!
The acid corrodes you!
You hit the oklob plant but do no damage.
The oklob plant looks as sick as possible!
The oklob plant is moderately damaged.
The oklob plant spits acid at you. The splash of acid hits you!!
You die...

##### ###...###
##########.......#
#.......('..@P...#
#.####.###.......#
#.##....####...###
#.##.#..###########
#.##.#.............
#####.#.....#..########
......##....#.........#
......##....##.######.#
............##.#


You could see an oklob plant (extremely poisoned).

Vanquished Creatures
  Sigmund (D:4)
  3 yaks (D:7)
  A water moccasin (D:5)
  A sky beast (D:7)
  3 black bears
  An orc warrior (D:7)
  5 elf zombies (Ossuary)
  3 bullfrogs
  2 scorpions
  2 necrophages (D:6)
  4 wights (D:7)
  9 hounds
  5 jellies (D:7)
  2 orc priests (D:7)
  3 centaur zombies (Ossuary)
  A gnoll bouda (D:5)
  2 human zombies (Ossuary)
  Jessica (D:2)
  2 orc wizards
  Ijyb (D:5)
  3 iguanas
  2 hound zombies (Ossuary)
  A hound skeleton (D:6)
  4 mummies
  16 adders
  12 gnolls
  10 river rats
  3 white imps
  2 ufetubi
  4 adder zombies (Ossuary)
  2 worms
  2 dart slugs
  17 orcs
  14 ball pythons
  27 endoplasms
  4 giant cockroaches
  5 goblins
  9 hobgoblins
  6 kobolds
  5 quokkas
  3 bats
  4 frilled lizards
  2 goblin zombies (Ossuary)
  4 hobgoblin zombies (Ossuary)
  2 jackal zombies (Ossuary)
  3 kobold zombies (Ossuary)
  An orc zombie (Ossuary)
  3 quokka zombies (Ossuary)
  28 rats
  5 rat zombies (Ossuary)
  A spectral orc (D:5)
256 creatures vanquished.

Vanquished Creatures (others)
  A hobgoblin (D:2)
  2 fungi (D:7)
3 creatures vanquished.

Grand Total: 259 creatures vanquished

Notes
Turn   | Place    | Note
-------+----------+-------------------------------------------
     0 | D:1      | greasedhog the Gargoyle Ice Elementalist began the quest
                  | for the Orb.
     0 | D:1      | Reached XP level 1. HP: 10/10 MP: 3/3
   300 | D:1      | Reached XP level 2. HP: 4/15 MP: 1/5
  1348 | D:1      | Found a faded altar of an unknown god.
  1399 | D:1      | Reached XP level 3. HP: 19/19 MP: 4/6
  2185 | D:2      | Noticed Jessica
  2194 | D:2      | Killed Jessica
  2195 | D:2      | Reached XP level 4. HP: 18/24 MP: 3/7
  2325 | D:2      | Learned a level 3 spell: Frozen Ramparts
  2804 | D:3      | Reached skill level 5 in Ice Magic
  2875 | D:3      | You fall into a shaft and drop 3 floors!
  2882 | D:6      | Found a burning altar of Makhleb.
  2883 | D:6      | Noticed a necrophage
  2892 | D:6      | Killed a necrophage
  2893 | D:6      | Reached XP level 5. HP: 19/28 MP: 1/8
  3042 | D:6      | Reached skill level 5 in Stealth
  3042 | D:6      | Reached XP level 6. HP: 32/32 MP: 2/9
  3105 | D:5      | Entered Level 5 of the Dungeon
  3202 | D:5      | Learned a level 3 spell: Ozocubu's Armour
  3231 | D:5      | Reached skill level 1 in Fighting
  3265 | D:5      | Reached skill level 6 in Ice Magic
  3401 | D:5      | Reached XP level 7. HP: 38/40 MP: 7/10
  3431 | D:5      | Found a glowing drain.
  3439 | Sewer    | Entered a sewer
  3728 | Sewer    | Reached skill level 7 in Ice Magic
  3925 | D:4      | Found a sand-covered staircase.
  4007 | Ossuary  | Entered an ossuary
  4133 | Ossuary  | Reached XP level 8. HP: 43/48 MP: 4/11
  4229 | Ossuary  | Reached skill level 5 in Fighting
  4490 | Ossuary  | Reached skill level 8 in Ice Magic
  5034 | D:4      | Found a snail-covered altar of Cheibriados.
  5080 | D:4      | Learned a level 4 spell: Hailstorm
  5373 | D:4      | Noticed Sigmund
  5377 | D:4      | Killed Sigmund
  6061 | D:3      | Found a sacrificial altar of Ru.
  6221 | D:4      | Reached XP level 9. HP: 51/54 MP: 12/15
  6528 | D:5      | Reached skill level 9 in Ice Magic
  6564 | D:5      | Noticed Ijyb
  6572 | D:5      | Killed Ijyb
  6700 | D:5      | Reached skill level 5 in Spellcasting
  6737 | D:5      | Reached skill level 1 in Conjurations
  6746 | D:5      | Found a staircase to the Ecumenical Temple.
  6755 | Temple   | Entered the Ecumenical Temple
  6990 | Temple   | Became a worshipper of Vehumet
  7397 | D:5      | Found Lierocwo's Jewellery Boutique.
  7436 | D:5      | Found a basalt altar of Yredelemnul.
  8408 | D:7      | Reached skill level 10 in Ice Magic
  8791 | D:7      | Reached skill level 5 in Conjurations
  8791 | D:7      | Reached * piety under Vehumet
  8791 | D:7      | Offered knowledge of Magic Dart by Vehumet.
  8794 | D:7      | Reached XP level 10. HP: 56/59 MP: 11/17
  9001 | D:7      | Noticed an oklob plant
  9029 | D:7      | Killed from afar by an oklob plant

Illustrated notes

Levels and vault maps discovered:
D:1:      lightli_iron_boxes, layout_basic, shapermc_ecumenical_altar_acropolis
D:2:      layout_basic, lemuel_old_faithful, uniq_jessica
D:3:      layout_loops_ring, nicolae_ru_path_of_blood
D:4:      layout_rooms, kennysheep_little_box, gup_ossuary_entry_pyramid,
          chequers_serial_rivers_large_b, chequers_serial_rivers_small_b,
          kennysheep_generic_room_11, uniq_sigmund
D:5:      wander_river, layout_basic, yredelemnul_forgotten_temple_becter,
          minmay_temple_entry_drinking_statues, lightli_sewer_entry_pipes,
          serial_shops, nicolae_shop_advertising_works
          [nicolae_subvault_shop_adworks], uniq_ijyb
D:6:      layout_loops_ring, makhleb_blood_cavern_becter,
          chequers_serial_rivers_small_a
D:7:      lemuel_slime, layout_basic
Temple:   eino_temple_water

Skill      XL: |  1  2  3  4  5  6  7  8  9 10 |
---------------+-------------------------------+-----
Stealth        | 3 4 5 |  5.3
Ice Magic      | 5 6 7 8 10 | 10.8
Fighting       | 2 4 5 |  5.1
Spellcasting   | 4 5 |  5.0
Conjurations   | 5 6 |  6.1
Dodging        | |  1.5

Action                   |  1- 3 |  4- 6 |  7- 9 | 10-12 || total
-------------------------+-------+-------+-------+-------++-------
Melee: Club              |    44 |    23 |   263 |     5 ||   335
       Unarmed           |     5 |       |       |       ||     5
       Punch             |     1 |     1 |     3 |       ||     5
       Dagger            |       |       |    35 |       ||    35
 Cast: Freeze            |    31 |    29 |   124 |       ||   184
       Frozen Ramparts   |       |     9 |    39 |     2 ||    50
       Ozocubu's Armour  |       |       |    12 |     1 ||    13
       Hailstorm         |       |       |     2 |     1 ||     3
Evoke: Wand              |       |       |       |     4 ||     4
  Use: Scroll            |       |       |     9 |       ||     9
       Potion            |       |       |     1 |       ||     1
 Stab: Sleeping          |     1 |       |     3 |       ||     4
Armor: Robe              |    27 |    26 |   358 |     4 ||   415
Dodge: Dodged            |    45 |    34 |   409 |       ||   488

Table legend: (Time is in decaauts)
 A = Elapsed time spent in this place.
 B = Non-inter-level travel time spent in this place.
 C = Inter-level travel time spent in this place.
 D = Time resting spent in this place.
 E = Time spent auto-exploring this place.
 F = Levels seen in this place.
 G = Mean time per level.
                   A        B        C        D        E       F      G
               +--------+--------+--------+--------+--------+-----+--------+
         Total |   9242 |   9015 |    227 |   1197 |   6063 |  10 |  924.2 |
       Dungeon |   7566 |   7391 |    175 |    960 |   5256 |   7 | 1080.9 |
        Temple |    288 |    236 |     52 |      0 |    222 |   1 |  288.0 |
         Sewer |    435 |    435 |      0 |     72 |    210 |   1 |  435.0 |
       Ossuary |    951 |    951 |      0 |    165 |    375 |   1 |  951.0 |
               +--------+--------+--------+--------+--------+-----+--------+

Top non-repeatable levels by time:
     D:1: 1773 daAuts
     D:5: 1164 daAuts
     D:4: 1009 daAuts
     D:2: 991 daAuts
 Ossuary: 951 daAuts
     D:6: 923 daAuts
     D:7: 876 daAuts
     D:3: 827 daAuts
   Sewer: 435 daAuts
  Temple: 288 daAuts
